 Dungeon Crawl Stone Soup version 0.18.1-50-g88ac8fd (webtiles) character file.

37727 KarmaPolice the Bewitcher (level 13, -15/79 HPs)
             Began as a Vampire Enchanter on Sept 27, 2016.
             Was the Champion of Kikubaaqudgha.
             Demolished by a yak (18 damage)
             ... summoned by an orange crystal statue
             ... on level 7 of the Lair of Beasts.
             The game lasted 01:06:39 (18921 turns).

KarmaPolice the Bewitcher (Vampire Enchanter)      Turns: 18921, Time: 01:06:40

Health: -15/79     AC:  0    Str:  8      XL:     13   Next: 60%
Magic:  27/27      EV: 20    Int: 15 (18) God:    Kikubaaqudgha [******]
Gold:   1344       SH:  0    Dex: 23      Spells: 6 memorised, 16 levels left

rFire  . . .     SeeInvis +     (weapon currently unavailable)
rCold  + . .     Gourm    .     (armour currently unavailable)
rNeg   + + .     Faith    .     (shield currently unavailable)
rPois  +         Spirit   .     (helmet currently unavailable)
rElec  .         Dismiss  .     (cloak currently unavailable)
rCorr  .         Reflect  +     (gloves currently unavailable)
SustAt .         Harm     .     (boots currently unavailable)
MR     +....                    Y - +5 amulet of reflection
Stlth  +++.......               (ring currently unavailable)
                                (ring currently unavailable)

@: confused, bat-form, flying, regenerating slowly, very quick, somewhat
resistant to hostile enchantments, fairly stealthy
A: fangs 3, see invisible, (unbreathing)
a: End Transformation, Receive Corpses, Torment, Brand Weapon With Pain, Receive
Necronomicon, Renounce Religion


You were on level 7 of the Lair of Beasts.
You worshipped Kikubaaqudgha.
Kikubaaqudgha was exalted by your worship.
You were very thirsty.
You were in vampire-bat-form.
You visited 3 branches of the dungeon, and saw 19 of its levels.
You also visited: Ossuary.

You collected 1519 gold pieces.
You spent 175 gold pieces at shops.

Inventory:

Hand Weapons
 M - the +4 dagger of Hemi Geona (melded) {venom, rN+}
   (You found it on level 6 of the Dungeon)

   It poisons the flesh of those it strikes.
   It protects you from negative energy.
Armour
 v - a +0 pair of boots (melded)
 x - a +2 robe of positive energy
 y - a +0 leather armour of cold resistance
 G - a +3 leather armour of fire resistance
 H - the +1 leather armour of the Nightingale (melded) {*Drain Int+3 Slay+6}
   (You bought it in a shop on level 5 of the Dungeon)

   It affects your intelligence (+3).
   It affects your accuracy and damage with ranged weapons and melee attacks
   (+6).
   It causes draining when unequipped.
 V - a +2 cloak (melded)
 W - the +0 pair of gloves "Xysaq" (melded) {rPois rN+}
   (You found it on level 3 of the Lair of Beasts)

   It protects you from poison.
   It protects you from negative energy.
Jewellery
 e - an uncursed ring of flight {unknown}
 g - an uncursed ring of poison resistance
 S - a ring of protection from magic (melded)
 T - an uncursed amulet of guardian spirit
 U - a ring of positive energy (melded)
 Y - a +5 amulet of reflection (around neck)
 Z - a cursed ring of teleportation {unknown}
Wands
 a - a wand of iceblast (6/15)
 p - a wand of lightning (0/15)
 O - a wand of digging (11/24)
Scrolls
 f - 3 scrolls of enchant armour
 h - 3 scrolls of random uselessness
 i - 3 scrolls of enchant weapon
 j - 2 scrolls of fear
 k - a scroll of noise {unknown}
 l - 4 scrolls of recharging
 m - 6 scrolls of teleportation {unknown}
 n - a scroll of torment {unknown}
 s - 2 scrolls of amnesia {unknown}
 u - 2 scrolls of identify
 C - 9 scrolls of remove curse {unknown}
 D - 4 scrolls of magic mapping {unknown}
 N - 4 scrolls of blinking {unknown}
 Q - a scroll of brand weapon {unknown}
Potions
 b - 3 potions of degeneration {unknown}
 d - 30 potions of blood
 o - 7 potions of curing
 r - 3 potions of lignification {unknown}
 t - 4 potions of brilliance {unknown}
 z - 3 potions of flight {unknown}
 A - 3 potions of might {unknown}
 B - 2 potions of cancellation {unknown}
 E - 2 potions of ambrosia
 I - 4 potions of haste {unknown}
 J - a potion of mutation {unknown}
 K - a potion of agility {unknown}
 L - 3 potions of berserk rage {unknown}
 R - a potion of heal wounds {unknown}
Books
 c - a book of Maledictions

   Spells                             Type                      Level
   a - Corona                         Hexes                        1
   b - Ensorcelled Hibernation        Hexes/Ice                    2
   c - Confuse                        Hexes                        3
   d - Tukima's Dance                 Hexes                        3
   e - Dazzling Spray                 Conjuration/Hexes            3
 q - a book of Beasts

   Spells                             Type                      Level
   a - Summon Butterflies             Summoning                    1
   b - Call Canine Familiar           Summoning                    3
   c - Summon Ice Beast               Ice/Summoning                4
   d - Summon Mana Viper              Hexes/Summoning              5
   e - Summon Hydra                   Summoning                    7
 w - a book of Debilitation

   Spells                             Type                      Level
   a - Corona                         Hexes                        1
   b - Slow                           Hexes                        2
   c - Gell's Gravitas                Hexes/Translocation          3
   d - Inner Flame                    Hexes/Fire                   3
   e - Cause Fear                     Hexes                        4
   f - Leda's Liquefaction            Hexes/Earth                  4
 F - Kikubaaqudgha's Disquisition on Stolen Souls
   (Kikubaaqudgha gifted it to you on level 5 of the Dungeon)

   Spells                             Type                      Level
   a - Pain                           Necromancy                   1
   b - Corpse Rot                     Necromancy                   2
   c - Sublimation of Blood           Necromancy                   2
   d - Regeneration                   Charms/Necromancy            3
   e - Control Undead                 Necromancy                   4
 P - Kikubaaqudgha's Papyrus of Unholy Rites
   (Kikubaaqudgha gifted it to you on level 8 of the Dungeon)

   Spells                             Type                      Level
   a - Excruciating Wounds            Charms/Necromancy            5
   b - Agony                          Necromancy                   5
   c - Cigotuvi's Embrace             Necromancy                   5
   d - Dispel Undead                  Necromancy                   5
   e - Simulacrum                     Ice/Necromancy               6


   Skills:
 + Level 9.5 Short Blades
 - Level 2.1 Dodging
 - Level 14.4 Stealth
 - Level 10.3 Spellcasting
 + Level 3.3 Conjurations
 + Level 16.3 Hexes
 + Level 10.2 Necromancy
 - Level 6.1 Ice Magic


You had 16 spell levels left.
You knew the following spells:

 Your Spells              Type           Power        Failure   Level  Hunger
a - Corona                Hex            ######.      0%          1    None
b - Ensorcelled Hibernat  Hex/Ice        #####.       1%          2    None
c - Confuse               Hex            ######..     1%          3    None
d - Tukima's Dance        Hex            ######..     1%          3    None
e - Cause Fear            Hex            ######....   1%          4    ###....
f - Dazzling Spray        Conj/Hex       #####.       1%          3    None


Dungeon Overview and Level Annotations

Branches:
Dungeon (11/15)            Temple (1/1) D:4            Lair (7/8) D:10
  Swamp (0/4) Lair:4       Spider (0/4) Lair:3        Slime (0/6) Lair:6
    Orc (0/2) D:9

Altars:
Ashenzari
Cheibriados
Dithmenos
Elyvilon
Fedhas
Gozag
Kikubaaqudgha
Makhleb
Nemelex Xobeh
Okawaru
Pakellas
Qazlal
Ru
Sif Muna
Trog
Vehumet
Xom
Yredelemnul
Zin
The Shining One
Jiyva

Shops:
D:5 [   D:6 %

Annotations:
Lair:7 exclusion: orange crystal statue


Innate Abilities, Weirdness & Mutations

You heal slowly.
You have razor-sharp teeth.
You have supernaturally acute eyesight.
((You can survive without breathing.))


Message History

You easily resist.
The yak completely misses you.
You barely miss the yak.
The orange crystal statue glitters.
You are more confused.
You bump into the rock wall.
The yak barely misses you.
The orange crystal statue glitters.
You are more confused.
Unknown command.
You bump into the rock wall.
You bump into the rock wall.
The yak gores you! The water moccasin bites you.
You're too confused to move!
The water moccasin completely misses you.
The yak barely misses you. The water moccasin bites you!
* * * LOW HITPOINT WARNING * * *
Unknown command.
You're too confused to move!
The yak gores you!
* * * LOW HITPOINT WARNING * * *
The water moccasin closely misses you. The yak gores you!!
You die...
Kikubaaqudgha rasps: "You have failed me!
Welcome... oblivion!"

#.....##.##..#.#......#
##.....................
#......................
##.....................
#.......#.#.PP.P..P....
##.........P.P.........
#.....................
#...YY...............≈
#...Sb...............≈
###Y################≈≈
#.# ### ###.## ##
#=YY≈## ##≈ #)=YY≈#
###≈≈ #..Y≈Y≈# ##≈≈≈≈
##..≈≈≈# ####≈≈≈≈#
##8.≈≈≈## ##≈≈≈≈≈≈##


You could see 3 yaks and a water moccasin.

Vanquished Creatures
  Kirke (Lair:5)
  The ghost of GFox the Protected, a journeyman MiMo of Okawaru (D:10)
  4 hydras
  Erica (D:8)
  Erolcha (D:8)
  A death yak (Lair:6)
  Nergalle (Lair:4)
  Pikel (D:6)
  An orb spider (Lair:3)
  A deep elf mage (D:8)
  3 griffons
  5 elephants
  Joseph (D:8)
  2 black mambas
  8 spiny frogs
  2 rime drakes
  5 komodo dragons
  5 polar bears
  8 blink frogs (Lair:2)
  2 giant leeches (Lair:4)
  A slime creature (Lair:6)
  27 yaks
  Eustachio (D:6)
  A hog (Lair:5)
  A human (Lair:5)
  Grum (D:8)
  2 basilisks
  A steam dragon (Lair:6)
  A hungry ghost (D:8)
  7 hippogriffs
  A swamp worm (Lair:4)
  Duvessa (D:5)
  A soldier ant (D:8)
  17 water moccasins
  13 porcupines
  2 sky beasts
  3 orc warriors
  A black bear (D:10)
  4 ice beasts
  2 ogres
  3 phantoms
  20 wolves
  3 wasps
  2 necrophages
  2 centaurs
  10 crocodiles
  An elf zombie (D:6)
  A gnoll sergeant (D:8)
  15 giant frogs
  An elf skeleton (D:6)
  Dowan (D:5)
  5 scorpions
  A water moccasin skeleton (D:6)
  10 killer bees
  5 howler monkeys
  3 electric eels
  3 crimson imps
  A giant frog zombie (D:10)
  4 hounds
  A centaur zombie (D:8)
  A jelly (D:8)
  3 centaur skeletons
  3 orc priests
  6 iguanas
  9 orc wizards
  Crazy Yiuf (D:6)
  Ijyb (D:2)
  2 human skeletons (D:6)
  Natasha (thrice) (D:2 D:3)
  5 worker ants
  9 sheep
  8 mummies (Ossuary)
  A worker ant zombie (D:8)
  Robin (D:2)
  10 gnolls
  A howler monkey skeleton (D:6)
  16 adders
  42 river rats
  3 shadow imps
  3 oozes
  2 adder zombies
  2 adder skeletons
  5 worms
  3 dart slugs
  6 giant geckos
  38 orcs
  A giant cockroach (D:4)
  20 goblins
  14 hobgoblins
  18 jackals
  3 quokkas
  A ball python (D:6)
  5 bats
  5 giant newts
  2 gnoll zombies (Ossuary)
  2 hobgoblin zombies (Ossuary)
  6 kobolds
  2 kobold zombies (Ossuary)
  An orc skeleton (D:6)
  3 orc zombies
  A quokka skeleton (D:7)
  A quokka zombie (D:7)
  6 rats
  A butterfly (Lair:7)
510 creatures vanquished.

Vanquished Creatures (collateral kills)
  A two-headed ogre (D:8)
  Sigmund (D:3)
  An ogre (D:7)
3 creatures vanquished.

Vanquished Creatures (others)
  A dancing weapon (D:5)
  4 humans (Lair:5)
  2 slaves
  A wolf (Lair:5)
  A worker ant (D:9)
  A sheep (Lair:5)
  3 orcs (D:6)
  6 fungi
  3 plants (Lair:6)
22 creatures vanquished.

Grand Total: 535 creatures vanquished

Notes
Turn   | Place    | Note
--------------------------------------------------------------
     0 | D:1      | KarmaPolice the Vampire Enchanter began the quest for the Orb.
     0 | D:1      | Reached XP level 1. HP: 13/13 MP: 3/3
   315 | D:1      | Reached XP level 2. HP: 19/19 MP: 5/5
   322 | D:1      | Learned a level 2 spell: Ensorcelled Hibernation
   469 | D:1      | Reached skill level 5 in Stealth
   804 | D:1      | Reached XP level 3. HP: 17/24 MP: 1/6
   860 | D:1      | Learned a level 3 spell: Confuse
  1267 | D:2      | Noticed Natasha
  1291 | D:2      | Killed Natasha
  1291 | D:2      | Reached skill level 5 in Hexes
  1291 | D:2      | Reached XP level 4. HP: 10/30 MP: 4/8
  1795 | D:2      | Found a shadowy altar of Dithmenos.
  1885 | D:2      | Noticed Ijyb
  1891 | D:2      | Killed Ijyb
  1906 | D:2      | Noticed Robin
  1932 | D:2      | Killed Robin
  2161 | D:2      | Reached XP level 5. HP: 35/35 MP: 6/9
  2167 | D:2      | Learned a level 3 spell: Tukima's Dance
  2309 | D:3      | Noticed Natasha
  2334 | D:3      | Killed Natasha
  2692 | D:3      | Noticed Natasha
  2700 | D:3      | Killed Natasha
  2713 | D:3      | Noticed Sigmund
  3036 | D:3      | Reached XP level 6. HP: 40/41 MP: 3/11
  3182 | D:3      | Killed Sigmund
  3182 | D:3      | Reached skill level 6 in Hexes
  3182 | D:3      | Reached skill level 1 in Ice Magic
  3707 | D:4      | Found a staircase to the Ecumenical Temple.
  3712 | Temple   | Entered the Ecumenical Temple
  3783 | Temple   | Became a worshipper of Kikubaaqudgha
  4052 | D:4      | Reached XP level 7. HP: 44/46 MP: 12/12
  4492 | D:4      | Found a shattered altar of Ashenzari.
  4492 | D:4      | Found a sparkling altar of Nemelex Xobeh.
  4495 | D:4      | Found a blossoming altar of Fedhas.
  4563 | D:4      | Found an iron altar of Okawaru.
  4679 | D:5      | Entered Level 5 of the Dungeon
  4709 | D:5      | Noticed Duvessa
  4709 | D:5      | Noticed Dowan
  4727 | D:5      | Killed Dowan
  4728 | D:5      | Reached skill level 7 in Hexes
  4885 | D:5      | Reached * piety under Kikubaaqudgha
  4885 | D:5      | Received a gift from Kikubaaqudgha
  4886 | D:5      | Identified Kikubaaqudgha's Disquisition on Stolen Souls (Kikubaaqudgha gifted it to you on level 5 of the Dungeon)
  4966 | D:5      | Reached skill level 5 in Short Blades
  5111 | D:5      | Killed Duvessa
  5138 | D:5      | Found Empey's Antique Armour Shop.
  5146 | D:5      | Bought a faintly glowing leather armour for 175 gold pieces
  5201 | D:5      | Reached XP level 8. HP: 51/52 MP: 4/14
  5944 | D:6      | Noticed Eustachio
  5945 | D:6      | Reached skill level 8 in Hexes
  5981 | D:6      | Killed Eustachio
  5981 | D:6      | Reached skill level 5 in Spellcasting
  6272 | D:6      | Found a sand-covered staircase.
  6295 | D:6      | Reached ** piety under Kikubaaqudgha
  6295 | D:6      | Reached skill level 9 in Hexes
  6374 | Ossuary  | Entered an ossuary
  6405 | Ossuary  | Identified the +1 leather armour of the Nightingale {*Drain Int+3 Slay+6} (You bought it in a shop on level 5 of the Dungeon)
  6590 | Ossuary  | Reached XP level 9. HP: 57/57 MP: 12/17
  6946 | D:6      | Got an ichor-stained dagger
  6966 | D:6      | Identified the +4 dagger of Hemi Geona {venom, rN+} (You found it on level 6 of the Dungeon)
  6982 | D:6      | Learned a level 4 spell: Cause Fear
  6985 | D:6      | Noticed Crazy Yiuf
  6985 | D:6      | Noticed Pikel
  6992 | D:6      | Killed Crazy Yiuf
  7000 | D:6      | Killed Pikel
  7000 | D:6      | Reached skill level 5 in Ice Magic
  7158 | D:6      | Found Xontuefi's Food Shop.
  7341 | D:7      | Reached skill level 10 in Hexes
  7430 | D:7      | Found a sparkling altar of Nemelex Xobeh.
  7524 | D:7      | Found a glowing silver altar of Zin.
  7524 | D:7      | Found a glowing golden altar of the Shining One.
  7525 | D:7      | Found a white marble altar of Elyvilon.
  7940 | D:7      | Learned a level 3 spell: Dazzling Spray
  8295 | D:8      | Noticed Joseph
  8434 | D:8      | Noticed a deep elf mage
  8438 | D:8      | Noticed Erolcha
  8444 | D:8      | Killed a deep elf mage
  8444 | D:8      | Reached XP level 10. HP: 63/63 MP: 14/20
  8453 | D:8      | Killed Erolcha
  8453 | D:8      | Reached skill level 11 in Hexes
  8759 | D:8      | Noticed Erica
  8766 | D:8      | Killed Erica
  8781 | D:8      | Reached *** piety under Kikubaaqudgha
  8781 | D:8      | Received a gift from Kikubaaqudgha
  8784 | D:8      | Identified Kikubaaqudgha's Papyrus of Unholy Rites (Kikubaaqudgha gifted it to you on level 8 of the Dungeon)
  8888 | D:8      | Noticed Grum
  8894 | D:8      | Killed Joseph
  8894 | D:8      | Reached skill level 10 in Stealth
  9034 | D:8      | Killed Grum
  9085 | D:8      | Reached skill level 12 in Hexes
  9499 | D:8      | Found an oddly glowing altar of Pakellas.
  9818 | D:9      | Reached **** piety under Kikubaaqudgha
 10061 | D:9      | Reached XP level 11. HP: 61/68 MP: 22/22
 10453 | D:9      | Found a staircase to the Orcish Mines.
 10473 | D:10     | Entered Level 10 of the Dungeon
 10511 | D:10     | Found a staircase to the Lair.
 10550 | D:10     | Noticed GFox's ghost (journeyman MiMo)
 10585 | D:10     | Killed GFox's ghost
 10613 | D:10     | Reached skill level 5 in Necromancy
 11417 | Lair:1   | Entered Level 1 of the Lair of Beasts
 11488 | Lair:1   | Reached skill level 13 in Hexes
 12031 | Lair:1   | Reached ***** piety under Kikubaaqudgha
 12975 | Lair:2   | Reached XP level 12. HP: 74/74 MP: 25/25
 13091 | Lair:2   | Reached skill level 14 in Hexes
 13466 | Lair:3   | Noticed a six-headed hydra
 13475 | Lair:3   | Killed a six-headed hydra
 13617 | Lair:3   | Got a pair of ichor-stained gloves
 13639 | Lair:3   | Identified the +0 pair of gloves "Xysaq" {rPois rN+} (You found it on level 3 of the Lair of Beasts)
 13972 | Lair:3   | Found a hole to the Spider Nest.
 14042 | Lair:4   | Noticed Nergalle
 14064 | Lair:4   | Killed Nergalle
 14290 | Lair:4   | Reached skill level 10 in Spellcasting
 14414 | Lair:4   | Found a staircase to the Swamp.
 14606 | Lair:4   | Reached skill level 15 in Hexes
 14998 | Lair:5   | Noticed Kirke
 15002 | Lair:5   | Killed Kirke
 15212 | Lair:5   | Noticed an eight-headed hydra
 15231 | Lair:5   | Killed an eight-headed hydra
 15461 | Lair:5   | Reached skill level 1 in Conjurations
 15470 | Lair:5   | Reached XP level 13. HP: 63/79 MP: 20/27
 15917 | Lair:5   | Reached ****** piety under Kikubaaqudgha
 16659 | Lair:6   | Found a viscous altar of Jiyva.
 16660 | Lair:6   | Found a staircase to the Slime Pits.
 17681 | Lair:6   | Reached skill level 16 in Hexes
 18037 | Lair:7   | Reached skill level 10 in Necromancy
 18921 | Lair:7   | HP: 3/79 [yak[an orange crystal statue] (12)]
 18921 | Lair:7   | Demolished by a yak

Skill      XL: |  1  2  3  4  5  6  7  8  9 10 11 12 13 |
---------------+----------------------------------------+-----
Stealth        | 5 6 7 8 10 12 14 | 14.4
Short Blades   | 2 3 4 5 6 7 8 9 |  9.5
Hexes          | 5 6 7 9 10 12 13 15 16 | 16.3
Spellcasting   | 3 4 5 6 7 9 10 | 10.3
Ice Magic      | 2 3 4 6 |  6.1
Necromancy     | 4 6 9 10 | 10.2
Conjurations   | 1 3 |  3.3
Dodging        | |  2.1

Action                   |  1- 3 |  4- 6 |  7- 9 | 10-12 | 13-15 || total
-------------------------+-------+-------+-------+-------+-------++-------
Melee: Dagger            |    88 |   157 |   362 |   452 |   129 ||  1188
       Bite              |     6 |    10 |    34 |    39 |     9 ||    98
       Unarmed           |       |       |     1 |       |     1 ||     2
 Cast: Ensorcelled Hiber |     8 |    19 |    33 |   108 |    49 ||   217
       Confuse           |     2 |     5 |    36 |    39 |    20 ||   102
       Corona            |       |     2 |     2 |     2 |     4 ||    10
       Tukima's Dance    |       |     1 |     5 |     2 |       ||     8
       Cause Fear        |       |       |       |     1 |       ||     1
       Dazzling Spray    |       |       |       |       |     4 ||     4
 Abil: Bat Form          |       |     3 |     3 |     8 |    11 ||    25
       End Transformatio |       |     3 |     3 |     8 |    10 ||    24
Evoke: Wand              |       |       |       |       |     4 ||     4
  Use: Potion            |     1 |     4 |     4 |     5 |     1 ||    15
       Scroll            |       |       |     6 |     4 |       ||    10
 Stab: Sleeping          |    16 |    13 |    38 |   127 |    47 ||   241
       Confused          |       |     2 |    23 |    21 |     2 ||    48
       Distracted        |       |       |     2 |     1 |     4 ||     7
  Eat: Corpse            |       |     1 |     4 |     2 |     2 ||     9
Armor: Robe              |    13 |    14 |    21 |       |       ||    48
       Leather armour    |       |       |    25 |    66 |    25 ||   116
Dodge: Dodged            |    41 |    73 |   141 |   177 |    54 ||   486
Block: Other             |       |       |       |    39 |    20 ||    59
